 Dungeon Crawl Stone Soup version 0.30.0-16-gbe6223bb7e (webtiles) character file.

Game seed: 12374941175759325026

42 monsoonserge the Ducker (level 3, -1/22 HPs)
             Began as a Deep Elf Monk on May 21, 2023.
             Slain by an iguana (4 damage)
             ... on level 3 of the Dungeon.
             The game lasted 00:03:46 (1276 turns).

monsoonserge the Ducker (Deep Elf Monk)             Turns: 1276, Time: 00:03:47

Health: -1/22      AC:  4    Str:  8    XL:     3   Next: 35%
Magic:  5/5        EV: 13    Int: 16    God:
Gold:   132        SH:  0    Dex: 17    Spells: 2/2 levels left

rFire   . . .        a - +0 short sword
rCold   . . .        d - orb {light}
rNeg    . . .        h - +0 leather armour
rPois   .            (no helmet)
rElec   .            (no cloak)
rCorr   .            (no gloves)
SInv    .            p - +0 pair of boots
Will    .....        (no amulet)
Stlth   +            (no ring)
HPRegen 0.23/turn    (no ring)
MPRegen 0.09/turn

%: no passive effects
@: glowing
A: no striking features
a: no special abilities


You were on level 3 of the Dungeon.
You visited 1 branch of the dungeon, and saw 3 of its levels.

You collected 132 gold pieces.

Inventory:

Hand Weapons
 a - a +0 short sword (weapon)
Missiles
 f - 17 stones (quivered)
Armour
 b - a +0 robe
 d - an orb of light (worn)
 g - a +0 chain mail
 h - a +0 leather armour (worn)
 p - a +0 pair of boots (worn)
Scrolls
 e - a scroll of silence {unknown}
 k - 4 scrolls of identify {unknown}
 m - a scroll of enchant armour {unknown}
 o - a scroll of teleportation {unknown}
 q - a scroll of noise {unknown}
 r - a scroll of acquirement {unknown}
 s - a scroll of blinking {unknown}
Potions
 c - 2 potions of ambrosia
 i - a potion of haste {unknown}
 j - a potion of invisibility {unknown}
 l - a potion of mutation {unknown}
 n - a potion of cancellation {unknown}
 t - 2 potions of degeneration {unknown}


   Skills:
 + Level 2.8 Fighting
 + Level 3.5 Short Blades
 * Level 0.5 Armour
 + Level 4.1 Dodging


You had 2 spell levels left.
You didn't know any spells.
Your spell library contained the following spells:

 Spells                   Type           Power      Damage    Failure   Level
 Blink                    Tloc           0%         N/A       47%         2
 Lesser Beckoning         Tloc           0%         N/A       47%         2
 Momentum Strike          Conj/Tloc      0%         3d8       47%         2
 Ozocubu's Armour         Ice            0%         N/A       71%         3
 Ozocubu's Refrigeration  Ice            0%         4d7       100%        7


Dungeon Overview and Level Annotations

Branches:
Dungeon (3/15)

Altars:


Message History

The bat barely misses you.
You hit the bat.
The bat is severely wounded.
The bat barely misses you. The bat closely misses you. The bat misses you.
You hit the bat.
You kill the bat!
Found a war axe.
s - a scroll labelled PYOHIJIKKA
There are no items here.
You see here a +0 war axe.
Found 2 purple potions.
t - 2 purple potions
There are no items here.
There is a stone staircase leading down here.
You see here a +0 robe.
Done exploring.
Done exploring.
There is a stone staircase leading down here.
You climb downwards.
There is a stone staircase leading up here.
You climb upwards.
There is a stone staircase leading down here.
You can't go down here!
There is a stone staircase leading down here.
You climb downwards.
There is a stone staircase leading up here.
An iguana comes into view.
The iguana hisses angrily.
An iguana is nearby!
You hit the iguana but do no damage. The iguana barely misses you.
You hit the iguana but do no damage. The iguana barely misses you.
You barely miss the iguana. The iguana bites you!
You hit the iguana but do no damage. The iguana misses you.
You hit the iguana but do no damage. You barely miss the iguana.
The iguana bites you!
Ouch! That really hurt!
* * * LOW HITPOINT WARNING * * *
You hit the iguana but do no damage. The iguana bites you.
You die...

.. .# .# #. .#
.# #. .# ##.
##.# .# #..
##...# .# #.#
##.....#.# #l#
#........# #@#
.......<.# #.#
#.......#####.#
.#............#
##...#.#######
........#
####.....
######


You could see an iguana.

Vanquished Creatures
  An adder (D:2)
  A worm (D:2)
  An endoplasm (D:1)
  2 giant cockroaches
  3 goblins
  3 hobgoblins
  3 jackals (D:1)
  3 ball pythons (D:1)
  4 bats
  2 frilled lizards (D:1)
  3 kobolds (D:1)
  5 rats
31 creatures vanquished.

Notes
Turn   | Place    | Note
-------+----------+-------------------------------------------
     0 | D:1      | monsoonserge the Deep Elf Monk began the quest for the Orb.
     0 | D:1      | Reached XP level 1. HP: 13/13 MP: 3/3
   139 | D:1      | Reached XP level 2. HP: 18/18 MP: 4/4
   229 | D:1      | Reached skill level 4 in Dodging
   531 | D:2      | Reached XP level 3. HP: 15/22 MP: 5/5
  1276 | D:3      | Slain by an iguana

Illustrated notes

Levels and vault maps discovered:
D:1:      dpeg_arrival_line_fractal, layout_basic, hex_intersection
D:2:      layout_basic, nrook_loot_triangle, lightli_corner_chamber
D:3:      layout_loops_ring, mainiacjoe_overflow_tiny_flanked,
          roderic_roman_lattice

Skill      XL: |  1  2 |
---------------+-------+-----
Dodging        | 4 |  4.1
Fighting       | |  2.8
Short Blades   | |  3.5
Armour         | |  0.5

Action                     || total
---------------------------++-------
  Melee: Short sword       ||   123
 Armour: Robe              ||     8
         Leather armour    ||    20
  Dodge: Dodged            ||    65
